Map: King of Braxis Station

Players

MrFercho

  • Race: Terran Terran
  • Spawn Location: 3:00

tigro - Winner!

  • Race: Terran Terran
  • Spawn Location: 9:00

TATORREA - Winner!

  • Race: Terran Terran
  • Spawn Location: 7:00

VOD

Have the link to the VOD?

Description

Time

  • Played on: March 25, 2020, 8:32 p.m.
  • Length: 14:32
Show
View Real Time Build Order
Export as new Build Order

MrFercho Terran 

Build Orders: Mech 

Get SALT Encoding   

  12  0:01  SCV  
  13  0:20  Supply Depot  
  13  0:23  SCV, Refinery  
  14  0:36  SCV  
  15  0:43  Engineering Bay  
  15  0:49  Refinery  
  15  0:50  SCV  
  16  1:07  SCV  
  17  1:19  SCV  
  17  1:22  Barracks  
  18  1:31  SCV  
  19  1:44  SCV  
  20  1:56  SCV  
  20  1:58  Supply Depot  
  20  1:59  Supply Depot  
  21  2:09  Orbital Command  
  21  2:14  Barracks Tech Lab  
  21  2:20  Engineering Bay  
  21  2:25  Terran Infantry Weapons Level 1  
  21  2:41  SCV  
  22  2:52  Marine  
  22  2:53  SCV  
  24  3:05  SCV  
  24  3:10  Marine  
  26  3:17  SCV  
  26  3:18  Factory  
  27  3:29  Marauder  
  27  3:32  Command Center  
  29  3:49  Marine  
  29  3:55  Terran Infantry Armor Level 1  
  30  4:01  SCV  
  31  4:13  SCV  
  32  4:19  Supply Depot  
  32  4:20  Supply Depot  
  32  4:23  Supply Depot  
  32  4:24  Supply Depot x2  
  32  4:25  SCV  
  32  4:28  Supply Depot  
  33  4:37  SCV  
  34  4:49  SCV  
  35  5:03  Neosteel Armor  
  35  5:06  Factory Tech Lab  
  35  5:20  Armory  
  35  5:23  Armory  
  35  5:26  Armory  
  35  5:32  Factory  
  35  5:33  Factory  
  35  5:37  Orbital Command  
  35  5:42  Refinery  
  35  5:48  Refinery  
  35  5:55  SCV  
  36  6:07  SCV  
  36  6:11  Terran Infantry Weapons Level 2  
  37  6:19  SCV  
  38  6:31  SCV x2  
  40  6:43  SCV, Terran Infantry Armor Level 2  
  40  6:44  SCV  
  42  6:56  SCV  
  43  7:08  SCV  
  44  7:14  Command Center  
  44  7:20  SCV  
  45  7:30  Factory Tech Lab x2  
  45  7:33  Command Center  
  45  7:34  Terran Vehicle Weapons Level 1  
  45  7:35  Terran Vehicle And Ship Armor Level 1  
  45  7:36  Terran Ship Weapons Level 1  
  45  7:39  Thor  
  51  7:50  Siege Tank  
  51  7:51  Siege Tank  
  57  8:07  Barracks  
  57  8:09  Barracks  
  57  8:13  Supply Depot  
  57  8:14  Supply Depot  
  57  8:16  Supply Depot  
  57  8:17  Supply Depot  
  57  8:24  Unknown  
  57  8:40  Unknown  
  57  8:41  Planetary Fortress  
  57  8:50  Unknown  
  57  8:59  SCV  
  58  9:07  Unknown  
  58  9:11  SCV  
  59  9:21  SCV  
  59  9:23  SCV  
  61  9:29  Refinery  
  61  9:31  Orbital Command  
  61  9:33  SCV  
  61  9:36  SCV  
  61  9:37  SCV  
  64  9:46  SCV  
  64  9:48  SCV  
  64  9:49  SCV  
  67  9:57  Refinery  
  67  9:58  SCV  
  68  10:01  SCV  
  69  10:10  SCV  
  69  10:11  Thor x2  
  69  10:13  SCV, Siege Tank  
  86  10:25  SCV  
  87  10:45  Siege Tank  
  90  10:54  Siege Tank x2  
  96  11:02  Barracks Tech Lab x2  
  96  11:05  Combat Shield  
  96  11:08  Terran Infantry Weapons Level 3  
  96  11:09  Terran Infantry Armor Level 3  
  96  11:11  Terran Vehicle Weapons Level 2  
  96  11:17  Siege Tank  
  99  11:26  Cyclone  
  99  11:27  Cyclone  
  105  11:49  Cyclone  
  108  11:58  Cyclone  
  108  11:59  Cyclone  
Show
View Real Time Build Order
Export as new Build Order

tigro Terran - Winner!

Build Orders:  

Get SALT Encoding   

  12  0:03  SCV  
  13  0:19  Supply Depot  
  13  0:34  Refinery  
  13  0:37  Refinery  
  13  0:38  SCV  
  14  0:50  SCV  
  15  1:02  SCV  
  16  1:08  Barracks  
  16  1:14  SCV  
  17  1:37  SCV  
  18  1:47  Supply Depot  
  18  1:56  Marine  
  18  1:58  Barracks  
  19  2:14  Marine  
  20  2:16  Engineering Bay  
  20  2:17  SCV  
  21  2:29  SCV  
  22  2:32  Marine  
  23  2:48  Barracks Tech Lab  
  23  2:49  Factory  
  23  2:50  Marine  
  24  3:03  Missile Turret  
  24  3:06  Orbital Command  
  24  3:07  Marine  
  25  3:25  Marine  
  26  3:27  Combat Shield  
  26  3:40  Factory Tech Lab  
  26  3:43  Marine  
  26  3:48  Factory  
  27  3:56  Missile Turret  
  27  4:02  Barracks Tech Lab  
  27  4:25  Marauder  
  29  4:38  Factory Tech Lab  
  29  4:46  Stimpack  
  29  4:47  Marauder  
  29  4:49  Supply Depot  
  31  4:55  Missile Turret  
  31  5:07  Terran Infantry Weapons Level 1  
  31  5:11  Marauder, Siege Tank  
  36  5:18  Missile Turret  
  36  5:30  Marine  
  36  5:32  Marauder  
  39  5:48  Supply Depot  
  39  5:58  Marine  
  40  6:22  Missile Turret, Siege Tank  
  40  6:25  Siege Tank  
  46  6:26  Concussive Shells  
  46  6:28  Marine  
  47  6:45  Armory  
  47  6:46  Marine  
  48  7:01  Terran Infantry Armor Level 1  
  48  7:03  Marine  
  49  7:14  Starport  
  49  7:21  Marine  
  50  7:39  Marine  
  51  7:52  Starport  
  51  8:02  Missile Turret  
  51  8:03  Medivac  
  53  8:21  Thor  
  59  8:33  Medivac  
  61  8:35  Starport Tech Lab  
  61  8:37  Supply Depot  
  61  8:51  Fusion Core  
  61  8:54  Marine  
  62  8:55  Hi-Sec Auto Tracking  
  62  8:57  Marine  
  63  9:05  Siege Tank  
  63  9:08  Starport Tech Lab  
  66  9:12  Marine  
  66  9:15  Marine  
  68  9:29  Marine  
  69  9:33  Marine  
  70  9:47  Marine  
  70  9:50  Marine  
  72  10:05  Marine  
  73  10:08  Marine  
Show
View Real Time Build Order
Export as new Build Order

TATORREA Terran - Winner!

Build Orders:  

Get SALT Encoding   

  12  0:06  SCV  
  13  0:18  SCV  
  14  0:22  Refinery  
  14  0:30  Refinery  
  14  0:31  SCV  
  15  0:59  Supply Depot  
  15  1:21  SCV  
  15  1:22  Supply Depot  
  16  1:33  SCV  
  17  1:45  Supply Depot, SCV  
  18  1:57  SCV  
  19  2:09  Supply Depot, SCV  
  20  2:21  SCV  
  21  2:31  Supply Depot  
  21  2:34  SCV  
  22  2:40  Engineering Bay  
  22  2:46  SCV  
  23  2:58  SCV  
  24  3:08  Barracks  
  24  3:13  Supply Depot  
  24  3:21  Terran Infantry Weapons Level 1  
  24  3:35  Supply Depot  
  24  3:58  Supply Depot  
  24  3:59  Supply Depot  
  24  4:19  Planetary Fortress  
  24  4:21  Supply Depot  
  24  4:23  Barracks  
  24  4:42  Barracks Tech Lab  
  24  4:59  Supply Depot  
  26  5:07  Marauder  
  26  5:13  Barracks Reactor  
  26  5:15  Terran Infantry Armor Level 1  
  26  5:20  SCV  
  27  5:22  Supply Depot x2  
  29  5:28  Marauder  
  29  5:32  SCV  
  30  5:44  SCV  
  30  5:46  Supply Depot  
  30  5:47  Supply Depot  
  33  5:50  Marauder  
  33  5:52  Reaper x2  
  33  5:57  SCV  
  38  6:11  Marauder  
  38  6:13  Supply Depot  
  38  6:17  Supply Depot  
  38  6:24  Reaper x2  
  40  6:32  Marauder  
  42  6:36  Supply Depot  
  42  6:39  Supply Depot  
  42  6:55  Marine  
  42  6:56  Reaper  
  44  7:09  Hi-Sec Auto Tracking  
  44  7:13  Marine  
  44  7:14  Bunker  
  45  7:20  Bunker  
  45  7:28  Marine  
  46  7:31  Marine  
  47  7:45  Bunker, Marine  
  47  7:49  Marine  
  49  7:52  Bunker  
  49  8:03  Marine  
  50  8:06  Neosteel Armor  
  50  8:07  Marine  
  51  8:17  Bunker  
  51  8:21  Marine  
  51  8:24  Bunker  
  51  8:25  Marine  
  53  8:47  Missile Turret  
  53  8:55  Missile Turret  
  53  9:09  Missile Turret  
  53  9:17  Missile Turret  
  53  9:27  Marine x2  
  55  9:45  Marine x2  
  57  10:03  Marine x2  
  59  10:20  Marine  
  59  10:21  Marine  
  61  10:42  Missile Turret  
  61  11:02  Missile Turret  
  61  11:25  Missile Turret  
  61  11:47  Missile Turret  
Tags
 
Composition
Mech
Race
Terran
Replay Pack
MrFercho
Add a new tag
Caveats
  • Supply blocks, unpowered buildings, or Contaminate may cause inaccurate times.
  • Supply counts are checked every 10 seconds.